 Dungeon Crawl Stone Soup version 0.31-a0-265-gcf7e37af1d (webtiles) character file.

Game seed: 9108534324196798587

16 qw the Shooter (level 2, -1/16 HPs)
             Began as a Gargoyle Hexslinger on July 13, 2023.
             Slain by an orc
             ... wielding a +0 dagger
              (2 damage)
             ... on level 1 of the Dungeon.
             The game lasted 00:00:09 (641 turns).

qw the Shooter (Gargoyle Hexslinger)                 Turns: 641, Time: 00:00:10

Health: -1/16      AC:  4    Str: 11    XL:     2   Next: 54%
Magic:  3/3        EV: 12    Int: 13    God:
Gold:   36         SH:  0    Dex: 12    Spells: 2/3 levels left

rFire   . . .        Y - +1 sling
rCold   . . .        (no shield)
rNeg    + . .        c - +0 robe
rPois   inf          (no helmet)
rElec   +            (no cloak)
rCorr   .            (no gloves)
SInv    .            (no boots)
Will    .....        (no amulet)
Stlth   +            (no ring)
HPRegen 0.22/turn    (no ring)
MPRegen 0.08/turn

%: no passive effects
@: no status effects
A: sickness immunity, AC +2, negative energy resistance 1, electricity
resistance, torment resistance 1, petrification resistance
a: no special abilities


You were on level 1 of the Dungeon.
You visited 1 branch of the dungeon, and saw 2 of its levels.

You collected 36 gold pieces.


Innate Abilities, Weirdness & Mutations

You are immune to sickness and miasma.
Your stone body is resilient. (AC +2)
You are immune to poison.
You resist negative energy. (rN+)
You are resistant to electric shocks. (rElec)
You are resistant to unholy torment.
You are immune to petrification.


   Skills:
 + Level 1.3 Fighting
 - Level 3.0 Ranged Weapons
 - Level 1.5 Dodging
 - Level 1.0 Spellcasting
 - Level 2.6 Hexes


You had 2 spell levels left.
You knew the following spells:

 Your Spells              Type           Power      Damage    Failure   Level
a - Slow                  Hex            28%        N/A       10%         1

Your spell library contained the following spells:

 Spells                   Type           Power      Damage    Failure   Level
 Inner Flame              Hex/Fire       4%         N/A       43%         3
 Portal Projectile        Hex/Tloc       8%         N/A       43%         3
 Cause Fear               Hex            3%         N/A       67%         4

Inventory:

Hand Weapons
 Y - a +1 sling (weapon)
Armour
 c - a +0 robe (worn)
Potions
 d - a potion of degeneration {unknown}
 f - a potion of mutation {unknown}
 i - a potion of brilliance {unknown}

Dungeon Overview and Level Annotations

Branches:
Dungeon (2/15)

Altars:


Message History

There are monsters nearby!
Waypoint 1 assigned to D:2.
You shoot a sling bullet. The orc shouts!
The sling bullet hits the bat.
The bat is moderately wounded.
The bat closely misses you.
A rat comes into view.
You shoot a sling bullet. The sling bullet barely misses the bat.
The bat completely misses you.
You shoot a sling bullet. The sling bullet hits the bat!
You kill the bat!
You shoot a sling bullet.
The sling bullet closely misses the orc.
The rat completely misses you. The orc misses you.
You shoot a sling bullet. The sling bullet barely misses the orc.
The rat bites you but does no damage. The orc hits you but does no damage.
The rat barely misses you.
You shoot a sling bullet. The sling bullet hits the orc.
The orc is lightly wounded.
The rat closely misses you. The orc hits you with a +0 dagger.
You shoot a sling bullet.
The sling bullet closely misses the orc.
The rat barely misses you. The orc misses you. x2
The orc hits you with a +0 dagger. The orc hits you with a +0 flail.
638 ||| STAIRDANCE The rat barely misses you.
The orc hits you with a +0 dagger. The orc barely misses you.
The orc hits you but does no damage. The orc misses you.
You climb upwards.
There is a stone staircase leading down here.
You shoot a sling bullet. The sling bullet hits the orc.
The orc is moderately wounded.
The orc closely misses you. x2; The orc barely misses you.
The rat barely misses you. The orc barely misses you.
You shoot a sling bullet.
The sling bullet closely misses the orc.
The orc hits you with a +0 dagger. The orc misses you.
The orc hits you with a +0 flail. The rat barely misses you.
The orc hits you with a +0 dagger.
You die...

#.....#......#.##.##.#.#
###.######.###.##.##.#.# #)#
#.....##......# ####.####
#.###.#####.### #.......#
#..##.## #.# #.##...># ##.##..#
#.# #.#.....# ##'###'## #.#
........###...#r?o# #.#
#.###.#...#...#o@.###)##
#........##...#.oo#....#
##....##.##.<.#.>.###..#
##.##.##.##...#...#....#
......##.##...#.>.#.##.#
##.#####..#...#...#.##.# #.#
##..##+###'##....#
##.####...#...##.##.###########
....................# #.......#


You could see 4 orcs and a rat.

Vanquished Creatures
  3 ball pythons (D:1)
  An endoplasm (D:1)
  A giant cockroach (D:1)
  A goblin (D:1)
  2 hobgoblins (D:1)
  A quokka (D:1)
  A bat (D:2)
  A frilled lizard (D:1)
  3 kobolds (D:1)
  A rat (D:1)
15 creatures vanquished.

Notes
Turn   | Place    | Note
-------+----------+-------------------------------------------
     0 | D:1      | qw the Gargoyle Hexslinger began the quest for the Orb.
     0 | D:1      | Reached XP level 1. HP: 12/12 MP: 2/2
     0 | D:1      | 0 ||| qw: Version: 0.3-a-52-g30416fa
     0 | D:1      | 0 ||| qw: Game counter: 7638
     0 | D:1      | 0 ||| qw: Melee chars always use a shield: true
     0 | D:1      | 0 ||| qw: God list: Okawaru
     0 | D:1      | 0 ||| qw: Allow faded altars: false
     0 | D:1      | 0 ||| qw: Do Orc after clearing Dungeon:15 true
     0 | D:1      | 0 ||| qw: Do second Lair branch before Depths: true
     0 | D:1      | 0 ||| qw: Lair rune preference: random
     0 | D:1      | 0 ||| qw: Goals: Normal
     0 | D:1      | 0 ||| PLANNING D:1-11
   179 | D:1      | Reached XP level 2. HP: 16/16 MP: 3/3
   361 | D:1      | Reached skill level 3 in Ranged Weapons
   615 | D:1      | 615 ||| READING scroll labelled XAUMPO YBLIEFU.
   616 | D:1      | 616 ||| READING scroll labelled OKLIWK UXUGGULL.
   626 | D:1      | 626 ||| READING scroll labelled BUVEHOUJAOM.
   627 | D:1      | 627 ||| DROPPING scroll of poison.
   638 | D:2      | 638 ||| STAIRDANCE
   641 | D:1      | HP: 1/16 [orc/+0 flail (6)]
   641 | D:1      | Slain by an orc

Levels and vault maps discovered:
D:1:      minmay_arrival_up_and_down, layout_loops_cross, bh_walls_and_bars
D:2:      layout_basic, st_stairs_2

Skill      XL: |  1  2 |
---------------+-------+-----
Ranged Weapons | 3 |  3.0
Fighting       | |  1.3
Dodging        | |  1.5
Spellcasting   | |  1.0
Hexes          | |  2.6

Action                     || total
---------------------------++-------
   Fire: Sling             ||    31
    Use: Scroll            ||     3
 Armour: Robe              ||     3
  Dodge: Dodged            ||    21

Table legend:
 A = Non-vault XP
 B = Vault XP
 C = Vault XP percentage of total XP
 D = Non-vault monster count
 E = Vault monster count
 F = Vault count percentage of total count
                 A         B        C        D         E       F
            +---------+---------+-------+---------+---------+-------
      Total |      23 |       0 |   0.0 |      15 |       0 |   0.0
            +---------+---------+-------+---------+---------+-------
        D:1 |      22 |       0 |   0.0 |      14 |       0 |   0.0
        D:2 |       1 |       0 |   0.0 |       1 |       0 |   0.0
            +---------+---------+-------+---------+---------+-------
